Workbook
Name ACTIVAR: 'DATOS DE LA EMPRESA'!$K$12

Sheet DATOS DE LA EMPRESA
B1: DECLARACION ANUAL PERSONAS MORALES
B6: NOMBRE DE LA EMPRESA | F6: SADCAL CONSULTORIA Y SOLUCIONES INTEGRALES, S.A. DE C.V.
B9: RFC | F9: SCS160714Q78
B12: EJERCICIO | F12: 2024

Sheet INGRESOS NOMINALES
B1: =IF('DATOS DE LA EMPRESA'!F6="","",'DATOS DE LA EMPRESA'!F6) -> SADCAL CONSULTORIA Y SOLUCIONES INTEGRALES, S.A. DE C.V.
B2: INGRESOS NOMINALES
B3: ="EJERCICIO "&'DATOS DE LA EMPRESA'!F12 -> EJERCICIO 2024
C5: CONCEPTO | D5: IMPORTE
C6: INGRESOS NOMINALES
B7: ( + ) | C7: ANTICIPOS DE CLIENTES DEL EJERCICIO | D7: 0
B8: ( + ) | C8: GANANCIA CAMBIARIA | D8: 0
B9: ( + ) | C9: GANANCIA EN LA ENAJENACION DE ACCIONES O POR REEMBOLSO DE CAPITAL | D9: 0
B10: ( + ) | C10: GANANCIA EN LA ENAJENACION DE TERRENOS Y ACTIVO FIJO | D10: 0
B11: ( + ) | C11: GANANCIA POR PAGO EN ESPECIE | D11: 0
B12: ( + ) | C12: INGRESOS OBTENIDOS POR APOYOS GUBERNAMENTALES | D12: 0
B13: ( + ) | C13: INGRESOS POR PARTIDAS DISCONTINUAS Y EXTRAORDINARIAS | D13: 0
B14: ( + ) | C14: INGRESOS PRESUNTOS | D14: 0
B15: ( + ) | C15: INTERESES DEVENGADOS A FAVOR DEL EXTRANJERO | D15: 0
B16: ( + ) | C16: INTERESES DEVENGADOS A FAVOR NACIONALES | D16: 0
B17: ( + ) | C17: INTERESES MORATORIOS A FAVOR DEL EXTRANJERO | D17: 0
B18: ( + ) | C18: INTERESES MORATORIOS A FAVOR NACIONALES | D18: 0
... B35: ( + ) | C35: CONSOLIDACION DE LA NUDA PROPIEDAD Y EL USUFRUCTO | D35: 0
B36: ( = ) | C36: TOTAL INGRESOS NOMINALES | D36: =SUM(D7:D35) -> 1108820

Sheet AJUSTE ANUAL POR INFLACION
B1: =IF('DATOS DE LA EMPRESA'!F6="","",'DATOS DE LA EMPRESA'!F6) -> SADCAL CONSULTORIA Y SOLUCIONES INTEGRALES, S.A. DE C.V.
B2: AJUSTE ANUAL POR INFLACION
B3: ="EJERCICIO "&'DATOS DE LA EMPRESA'!F12 -> EJERCICIO 2024
C5: CONCEPTO | D5: ENERO | E5: FEBRERO | F5: MARZO | G5: ABRIL | H5: MAYO | I5: JUNIO | J5: JULIO | K5: AGOSTO | L5: SEPTIEMBRE | M5: OCTUBRE | N5: NOVIEMBRE | O5: DICIEMBRE | P5: TOTAL
C6: CREDITOS
B7: ( + ) | C7: BANCOS | D7: 28000 | E7: 137400 | F7: 55001 | G7: 49790 | H7: 72716 | I7: 78145 | J7: 44123 | K7: 85416 | L7: 18850 | M7: 61041 | N7: 86140 | O7: 12101 | P7: =SUM(D7:O7) -> 728723
B8: ( + ) | C8: INVERSIONES EN VALORES | D8: 0 | E8: 0 | F8: 0 | G8: 0 | H8: 0 | I8: 0 | J8: 0 | K8: 0 | L8: 0 | M8: 0 | N8: 0 | O8: 0 | P8: =SUM(D8:O8) -> 0
B9: ( + ) | C9: CLIENTES | D9: 7748 | E9: 16456 | F9: 5800 | G9: 0 | H9: 0 | I9: 0 | J9: 11600 | K9: 0 | L9: 0 | M9: 12400 | N9: 26416 | O9: 0 | P9: =SUM(D9:O9) -> 80420
B10: ( + ) | C10: OTRAS CUENTAS POR COBRAR | D10: 0 | E10: 0 | F10: 0 | G10: 0 | H10: 0 | I10: 0 | J10: 0 | K10: 0 | L10: 0 | M10: 0 | N10: 0 | O10: 0 | P10: =SUM(D10:O10) -> 0
B11: ( + ) | C11: DEUDORES DIVERSOS | D11: 0 | E11: 0 | F11: 0 | G11: 0 | H11: 0 | I11: 0 | J11: 0 | K11: 0 | L11: 0 | M11: 0 | N11: 0 | O11: 0 | P11: =SUM(D11:O11) -> 0
B12: ( + ) | C12: INTERESES POR COBRAR | D12: 0 | E12: 0 | F12: 0 | G12: 0 | H12: 0 | I12: 0 | J12: 0 | K12: 0 | L12: 0 | M12: 0 | N12: 0 | O12: 0 | P12: =SUM(D12:O12) -> 0
B13: ( + ) | C13: SALDOS A FAVOR DE CONTRIBUCIONES | D13: 0 | E13: 0 | F13: 0 | G13: 0 | H13: 0 | I13: 0 | J13: 0 | K13: 0 | L13: 0 | M13: 0 | N13: 0 | O13: 5401 | P13: =SUM(D13:O13) -> 5401
B14: ( + ) | C14: OTRAS CUENTAS POR COBRAR LARGO PLAZO | D14: 0 | E14: 0 | F14: 0 | G14: 0 | H14: 0 | I14: 0 | J14: 0 | K14: 0 | L14: 0 | M14: 0 | N14: 0 | O14: 0 | P14: =SUM(D14:O14) -> 0
B15: ( + ) | C15: OTROS CREDITOS | D15: 0 | E15: 0 | F15: 0 | G15: 0 | H15: 0 | I15: 0 | J15: 0 | K15: 0 | L15: 0 | M15: 0 | N15: 0 | O15: 0 | P15: =SUM(D15:O15) -> 0
C16: SUMA | D16: =SUM(D7:D15) -> 35748 | E16: =SUM(E7:E15) -> 153856 | F16: =SUM(F7:F15) -> 60801 | G16: =SUM(G7:G15) -> 49790 | H16: =SUM(H7:H15) -> 72716 | I16: =SUM(I7:I15) -> 78145 | J16: =SUM(J7:J15) -> 55723 | K16: =SUM(K7:K15) -> 85416 | ... P16: =SUM(P7:P15) -> 814544
L17: NUMERO DE MESES DEL EJERCICIO | P17: 12
L18: SALDO PROMEDIO ANUAL DE LOS CREDITOS | P18: =IF('DATOS DE LA EMPRESA'!F12="",0,ROUND(P16/P17,0)) -> 67879
C19: DEUDAS
B20: ( + ) | C20: PROVEEDORES | D20: 0 | E20: 0 | F20: 0 | G20: 0 | H20: 0 | I20: 0 | J20: 0 | K20: 0 | L20: 0 | M20: 0 | N20: 0 | O20: 0 | P20: =SUM(D20:O20) -> 0
B21: ( + ) | C21: ACREEDORES DIVERSOS | D21: 0 | E21: 0 | F21: 0 | G21: 0 | H21: 0 | I21: 0 | J21: 0 | K21: 0 | L21: 0 | M21: 0 | N21: 0 | O21: 0 | P21: =SUM(D21:O21) -> 0
B22: ( + ) | C22: CREDITOS BANCARIOS | D22: 0 | E22: 0 | F22: 0 | G22: 0 | H22: 0 | I22: 0 | J22: 0 | K22: 0 | L22: 0 | M22: 0 | N22: 0 | O22: 0 | P22: =SUM(D22:O22) -> 0
B23: ( + ) | C23: INTERESES POR PAGAR | D23: 0 | E23: 0 | F23: 0 | G23: 0 | H23: 0 | I23: 0 | J23: 0 | K23: 0 | L23: 0 | M23: 0 | N23: 0 | O23: 0 | P23: =SUM(D23:O23) -> 0
B24: ( + ) | C24: OTRAS CUENTAS Y DOCUMENTOS POR PAGAR | D24: 0 | E24: 0 | F24: 0 | G24: 0 | H24: 0 | I24: 0 | J24: 0 | K24: 0 | L24: 0 | M24: 0 | N24: 0 | O24: 0 | P24: =SUM(D24:O24) -> 0
B25: ( + ) | C25: IMPUESTOS POR PAGAR | D25: 4259 | E25: 5419 | F25: 19442 | G25: 9153 | H25: 2108 | I25: 3085 | J25: 1694 | K25: 7406 | L25: 7748 | M25: 10382 | N25: 10939 | O25: 2063 | P25: =SUM(D25:O25) -> 83698
B26: ( + ) | C26: SUELDOS Y SALARIOS POR PAGAR | D26: 0 | E26: 0 | F26: 0 | G26: 0 | H26: 0 | I26: 0 | J26: 0 | K26: 0 | L26: 0 | M26: 0 | N26: 0 | O26: 0 | P26: =SUM(D26:O26) -> 0
B27: ( + ) | C27: CREDITOS BANCARIOS LARGO PLAZO | D27: 0 | E27: 0 | F27: 0 | G27: 0 | H27: 0 | I27: 0 | J27: 0 | K27: 0 | L27: 0 | M27: 0 | N27: 0 | O27: 0 | P27: =SUM(D27:O27) -> 0
B28: ( + ) | C28: CUENTAS Y DOCUMENTOS POR PAGAR A LARGO PLAZO | D28: 0 | E28: 0 | F28: 0 | G28: 0 | H28: 0 | I28: 0 | J28: 0 | K28: 0 | L28: 0 | M28: 0 | N28: 0 | O28: 0 | P28: =SUM(D28:O28) -> 0
B29: ( + ) | C29: APORTACIONES PARA FUTOROS AUMENTOS DE CAPITAL | D29: 0 | E29: 0 | F29: 0 | G29: 0 | H29: 0 | I29: 0 | J29: 0 | K29: 0 | L29: 0 | M29: 0 | N29: 0 | O29: 0 | P29: =SUM(D29:O29) -> 0
B30: ( + ) | C30: OTRAS DEUDAS | D30: 0 | E30: 0 | F30: 0 | G30: 0 | H30: 0 | I30: 0 | J30: 0 | K30: 0 | L30: 0 | M30: 0 | N30: 0 | O30: 0 | P30: =SUM(D30:O30) -> 0
C31: SUMA | D31: =SUM(D20:D30) -> 4259 | E31: =SUM(E20:E30) -> 5419 | F31: =SUM(F20:F30) -> 19442 | G31: =SUM(G20:G30) -> 9153 | H31: =SUM(H20:H30) -> 2108 | I31: =SUM(I20:I30) -> 3085 | J31: =SUM(J20:J30) -> 1694 | K31: =SUM(K20:K30) -> 7406 | ... P31: =SUM(P20:P30) -> 83698
L32: NUMERO DE MESES DEL EJERCICIO | P32: 12
L33: SALDO PROMEDIO ANUAL DE LAS DEUDAS | P33: =IF('DATOS DE LA EMPRESA'!F12="",0,ROUND(P31/P32,0)) -> 6975
C35: SALDO PROMEDIO ANUAL DE LOS CREDITOS Y DEUDAS
B36: ( + ) | C36: SALDO PROMEDIO ANUAL DE LOS CREDITOS | D36: =P18 -> 67879
B37: ( - ) | C37: SALDO PROMEDIO ANUAL DE LAS DEUDAS | D37: =P33 -> 6975
B38: ( = ) | C38: MAYOR SALDO PROMEDIO ANUAL DE LOS CREDITOS | D38: =IF(D36>D37,D36-D37,0) -> 60904
B39: ( = ) | C39: MAYOR SALDO PROMEDIO ANUAL DE LAS DEUDAS | D39: =IF(D37>D36,D37-D36,0) -> 0
B41: ( X ) | C41: FACTOR DE AJUSTE ANUAL
B42: ↓ | C42: ="INPC DIC "&'DATOS DE LA EMPRESA'!F12 -> INPC DIC 2024 | D42: 137.949
B43: ( / ) | C43: ="INPC DIC "&'DATOS DE LA EMPRESA'!F12-1 -> INPC DIC 2023 | D43: 132.373
B44: ( = ) | C44: FACTOR DE AJUSTE ANUAL | D44: =IFERROR(ROUNDDOWN((D42/D43)-1,4),0) -> 0.0421
B46: ( = ) | C46: AJUSTE ANUAL POR INFLACIÓN
B47: ( = ) | C47: AJUSTE ANUAL POR INFLACION DEDUCIBLE | D47: =ROUND(D38*D44,0) -> 2564
B48: ( = ) | C48: AJUSTE ANUAL POR INFLACION ACUMULABLE | D48: =ROUND(D39*D44,0) -> 0

Sheet INGRESOS ACUMULABLES
B1: =IF('DATOS DE LA EMPRESA'!F6="","",'DATOS DE LA EMPRESA'!F6) -> SADCAL CONSULTORIA Y SOLUCIONES INTEGRALES, S.A. DE C.V.
B2: TOTAL DE INGRESOS ACUMULABLES
B3: ="EJERCICIO "&'DATOS DE LA EMPRESA'!F12 -> EJERCICIO 2024
C5: CONCEPTO | D5: IMPORTE
C6: INGRESOS ACUMULABLES
B7: ( + ) | C7: INGRESOS NOMINALES | D7: ='INGRESOS NOMINALES'!D36 -> 1108820
B8: ( + ) | C8: AJUSTE ANUAL POR INFLACION ACUMULABLE | D8: ='AJUSTE ANUAL POR INFLACION'!D48 -> 0
B9: ( + ) | C9: OTROS INGRESOS QUE SE ACUMULAN EN LA DECLARACION ANUAL | D9: 0
B10: ( = ) | C10: TOTAL INGRESOS ACUMULABLES | D10: =SUM(D7:D9) -> 1108820

Sheet MANO DE OBRA
B1: =IF('DATOS DE LA EMPRESA'!F6="","",'DATOS DE LA EMPRESA'!F6) -> SADCAL CONSULTORIA Y SOLUCIONES INTEGRALES, S.A. DE C.V.
B2: MANO DE OBRA A APLICAR EN COSTO DE LO VENDIDO
B3: ="EJERCICIO "&'DATOS DE LA EMPRESA'!F12 -> EJERCICIO 2024
C5: CONCEPTO | D5: MANO DE OBRA DIRECTA DE FABRICACION | E5: MANO DE OBRA INDIRECTA DE FABRICACION
C7: SUELDOS
B8: ( + ) | C8: SUELDOS | D8: 0 | E8: 0
B9: ( + ) | C9: HORAS EXTRAS | D9: 0 | E9: 0
B10: ( + ) | C10: VACACIONES | D10: 0 | E10: 0
B11: ( + ) | C11: PRIMA VACACIONAL | D11: 0 | E11: 0
B12: ( + ) | C12: COMPENSACIONES | D12: 0 | E12: 0
B13: ( + ) | C13: PRIMA DOMINICAL | D13: 0 | E13: 0
B14: ( + ) | C14: AGUINALDO | D14: 0 | E14: 0
B15: ( + ) | C15: DESPENSA | D15: 0 | E15: 0
B16: ( + ) | C16: PREMIOS DE ASISTENCIA | D16: 0 | E16: 0
B17: ( + ) | C17: PREMIOS DE PUNTUALIDAD | D17: 0 | E17: 0
B18: ( + ) | C18: GRATIFICACIONES | D18: 0 | E18: 0
B19: ( + ) | C19: DIAS FESTIVOS | D19: 0 | E19: 0
... B24: ( + ) | C24: OTROS PAGOS | D24: 0 | E24: 0
C25: SUBTOTAL | D25: =SUM(D8:D24) -> 0 | E25: =SUM(E8:E24) -> 0
C26: NOMINA POR SUELDOS Y SALARIOS EXENTOS NO DEDUCIBLE | D26: 0 | E26: 0
C27: NOMINA NETA DEDUCIBLE | D27: =D25-D26 -> 0 | E27: =E25-E26 -> 0

Sheet SUELDOS Y ASIMILADOS
B1: =IF('DATOS DE LA EMPRESA'!F6="","",'DATOS DE LA EMPRESA'!F6) -> SADCAL CONSULTORIA Y SOLUCIONES INTEGRALES, S.A. DE C.V.
B2: DEDUCCIONES POR SUELDOS Y SALARIOS
B3: ="EJERCICIO "&'DATOS DE LA EMPRESA'!F12 -> EJERCICIO 2024
C5: CONCEPTO
D6: IMPORTE | E6: NUM. DE TRABAJADORES
C7: TOTAL DE NOMINA
C8: TOTAL DE NOMINA | D8: 96909 | E8: 3
F9: NUM. DE TRABAJADORES
C10: DESGLOSE DE SUELDOS Y SALARIOS Y ASIMILADOS A SALARIOS | D10: IMPORTE | E10: ISR RETENIDO
B11: ( + ) | C11: SUELDOS Y SALARIOS | D11: 96909 | E11: 1774 | F11: 3
B12: ( + ) | C12: ASIMILADOS A SALARIOS | D12: 0 | E12: 0 | F12: 0
B13: ( = ) | C13: TOTAL DE NOMINA | D13: =SUM(D11:D12) -> 96909 | E13: =SUM(E11:E12) -> 1774 | F13: =SUM(F11:F12) -> 3
C15: PARTE NO DEDUCIBLE POR PAGOS EXENTOS A TRABAJADORES | D15: EXENTA | E15: GRAVADA | F15: TOTAL
B16: ( + ) | C16: NOMINA POR SUELDOS Y SALARIOS | D16: 4150.71 | E16: =D13-D16 -> 92758.29 | F16: =SUM(D16:E16) -> 96909
B17: ( - ) | C17: PARTICIPACION DE LOS TRABAJADORES EN LAS UTILIDADES | D17: 0 | E17: 0 | F17: =SUM(D17:E17) -> 0
B18: ( = ) | C18: NOMINA POR SUELDOS Y SALARIOS SIN PTU | D18: =D16-D17 -> 4150.71 | E18: =E16-E17 -> 92758.29 | F18: =SUM(D18:E18) -> 96909
B19: ( X ) | C19: PORCENTAJE A APLICAR A NOMINA EXENTA | D19: 0.53
B20: ( = ) | C20: NOMINA POR SUELDOS Y SALARIOS NO DEDUCIBLE | D20: =ROUND(D18*(1-D19),0) -> 1951 | E20: 0 | F20: =SUM(D20:E20) -> 1951
B21: ( + ) | C21: PARTICIPACION DE LOS TRABAJADORES EN LAS UTILIDADES | D21: =D17 -> 0 | E21: =E17 -> 0 | F21: =SUM(D21:E21) -> 0
B22: ( + ) | C22: OTROS CONCEPTOS NO DEDUCIBLES | D22: 0 | E22: 0 | F22: =SUM(D22:E22) -> 0
B23: ( = ) | C23: NOMINA POR SUELDOS Y SALARIOS EXENTOS NO DEDUCIBLE | D23: =D20+D21+D22 -> 1951 | E23: =E20+E21+E22 -> 0 | F23: =F20+F21+F22 -> 1951
C25: SUELDOS Y SALARIOS | D25: EXENTA | E25: GRAVADA | F25: TOTAL
B26: ( + ) | C26: NOMINA POR SUELDOS Y SALARIOS | D26: =D16 -> 4150.71 | E26: =D11-D26 -> 92758.29 | F26: =SUM(D26:E26) -> 96909
B27: ( - ) | C27: NOMINA POR SUELDOS Y SALARIOS NO DEDUCIBLE | D27: =D23 -> 1951 | E27: =E23 -> 0 | F27: =SUM(D27:E27) -> 1951
B28: ( = ) | C28: TOTAL DE NOMINA POR SUELDOS Y SALARIOS | D28: =D26-D27 -> 2199.71 | E28: =E26-E27 -> 92758.29 | F28: =F26-F27 -> 94958
C30: ASIMILADOS A SALARIOS | D30: EXENTA | E30: GRAVADA | F30: TOTAL
B31: ( + ) | C31: NOMINA POR ASIMILADOS A SALARIOS | D31: 0 | E31: =D12 -> 0 | F31: =SUM(D31:E31) -> 0
B32: ( - ) | C32: NOMINA POR ASIMILADOS A SALARIOS NO DEDUCIBLE | D32: 0 | E32: 0 | F32: =SUM(D32:E32) -> 0
B33: ( = ) | C33: TOTAL NOMINA POR ASIMILADOS A SALARIOS DEDUCIBLE | D33: =D31-D32 -> 0 | E33: =E31-E32 -> 0 | F33: =F31-F32 -> 0
D35: TOTAL
C36: MANO DE OBRA A APLICAR EN EL COSTO DE LO VENDIDO
B37: ( + ) | C37: NOMINA POR SUELDOS Y SALARIOS DEDUCIBLE | D37: =F28 -> 94958
B38: ( + ) | C38: NOMINA POR ASIMILADOS A SALARIOS DEDUCIBLE | D38: =F33 -> 0
B39: ( = ) | C39: NOMINA DEDUCILBLE | D39: =SUM(D37:D38) -> 94958
B40: ( + ) | C40: NOMINA DE MANO DE OBRA DIRECTA DE FABRICACION | D40: ='MANO DE OBRA'!D27 -> 0
B41: ( + ) | C41: NOMINA DE MANO DE OBRA INDIRECTA DE FABRICACION | D41: ='MANO DE OBRA'!E27 -> 0
B42: ( = ) | C42: MANO DE OBRA A APLICAR EN EL COSTO DE LO VENDIDO | D42: =SUM(D40:D41) -> 0
B43: ( = ) | C43: SUELDOS, SALARIOS Y ASIMILADOS A DEDUCIR | D43: =D39-D42 -> 94958
B44: ( = ) | C44: SUELDOS, SALARIOS Y ASIMILADOS NO DEDUCIBLES | D44: =F27 -> 1951

Sheet GASTOS
B1: =IF('DATOS DE LA EMPRESA'!F6="","",'DATOS DE LA EMPRESA'!F6) -> SADCAL CONSULTORIA Y SOLUCIONES INTEGRALES, S.A. DE C.V.
B2: DEDUCCIONES POR GASTOS
B3: ="EJERCICIO "&'DATOS DE LA EMPRESA'!F12 -> EJERCICIO 2024
C5: CONCEPTO | D5: GASTOS DE VENTA | E5: GASTOS DE ADMINISTRACION | F5: GSTOS FINANCIEROS | G5: OTROS GASTOS | H5: TOTAL
C6: ( + ) GASTOS
B7: ( + ) | C7: HONORARIOS PAGADOS A PERSONAS FISICAS/RESICO | E7: 26715 | H7: =SUM(D7:G7) -> 26715
B8: ( + ) | C8: USO O GOCE TEMPORAL DE BIENES PAGADOS A PERSONAS FISICAS | H8: =SUM(D8:G8) -> 0
B9: ( + ) | C9: INTERESES NETOS | H9: =SUM(D9:G9) -> 0
B10: ( + ) | C10: ADQUISICION DE BIENES DE IMPORTACION (CUMPLIR REQUISITOS LEGALES) | H10: =SUM(D10:G10) -> 0
B11: ( + ) | C11: ASISTENCIA TECNICA | H11: =SUM(D11:G11) -> 0
B12: ( + ) | C12: ASISTENCIA TECNICA DE TRANSFERENCIA DE TECNOLOGIA O DE REGALIAS | H12: =SUM(D12:G12) -> 0
B13: ( + ) | C13: COMBUSTIBLES Y LUBRICANTES | E13: 28700 | H13: =SUM(D13:G13) -> 28700
B14: ( + ) | C14: CONSUMO EN RESTAURANTES | E14: 5600 | H14: =SUM(D14:G14) -> 5600
B15: ( + ) | C15: CONTRIBUCIONES PAGADAS, EXEPTO ISR, IMPUESTO LOCAL POR REMUNERACION DE SALARIOS, ASI COMO IVA E IEPS (CUANDO TIENE DERECHO A ACREDITARLOS) | H15: =SUM(D15:G15) -> 0
B16: ( + ) | C16: DEDUCCIONES DE LAS PERSONAS MORALES RESIDENTES EN EL EXTRANJERO | H16: =SUM(D16:G16) -> 0
B17: ( + ) | C17: DEVOLUCIONES, DESCUENTOS Y BONIFICACIONES EXTRANJERAS | H17: =SUM(D17:G17) -> 0
B18: ( + ) | C18: DEVOLUCIONES, DESCUENTOS Y BONIFICACIONES NACIONALES | E18: 382 | H18: =SUM(D18:G18) -> 382
B19: ( + ) | C19: DONATIVOS NO ONEROSOS NI REMUNERATIVOS | H19: =SUM(D19:G19) -> 0
B20: ( + ) | C20: FLETES Y ACARREOS | H20: =SUM(D20:G20) -> 0
B21: ( + ) | C21: GASTOS EN GENERAL | E21: 555068 | H21: =SUM(D21:G21) -> 555068
B22: ( + ) | C22: GASTOS POR PARTIDAS DISCONTINUAS Y EXTRAORDINARIAS | H22: =SUM(D22:G22) -> 0
B23: ( + ) | C23: GASTOS REALIZADOS EN EL EJERCICIO POR PROYECTOS DE INVERSION Y DESARROLLO TECNOLOGICO | H23: =SUM(D23:G23) -> 0
B24: ( + ) | C24: HONORARIOS PAGADOS A EXTRANJEROS | H24: =SUM(D24:G24) -> 0
B25: ( + ) | C25: IEPS TRASLADADO O PAGADO (CUANDO NO TENGA DERECHO A ACREDITARLO) | H25: =SUM(D25:G25) -> 0
B26: ( + ) | C26: INTERESES DE PRESTAMOS INVERTIDOS EN LOS FINES DEL NEGOCIO | H26: =SUM(D26:G26) -> 0
B27: ( + ) | C27: INTERESES MORATORIOS | H27: =SUM(D27:G27) -> 0
B28: ( + ) | C28: IVA TRASLADADO O PAGADO (CUANDO NO TENGA DERECHO A ACREDITARLO) | H28: =SUM(D28:G28) -> 0
B29: ( + ) | C29: LOS INTERESES DEVENGADOS A CARGO EN EL EJERCICIO SI AJUSTE ALGUNO | H29: =SUM(D29:G29) -> 0
B30: ( + ) | C30: PAGOS DE HONORARIOS O GRATIFICACIONES A ADMINISTRADORES, COMISARIOS, DIRECTORES, GERENTES GENERALES O MIEMBROS DEL CONSEJO DIRECTIVO, DE VIGILANCIA, CONSULTIVOS O DE CUALQUIERA OTRA INDOLE | H30: =SUM(D30:G30) -> 0
B31: ( + ) | C31: PAGOS EFECTUADOS A COMISIONISTAS Y MEDIADORES RESIDENTES EN EL EXTRANJERO | H31: =SUM(D31:G31) -> 0
B32: ( + ) | C32: PERDIDA CAMBIARIA | H32: =SUM(D32:G32) -> 0
B33: ( + ) | C33: PERDIDA FISCAL EN ENAJENACION DE ACCIONES | H33: =SUM(D33:G33) -> 0
... B52: ( + ) | C52: PROPAGANDA Y PUBLICIDAD | H52: =SUM(D52:G52) -> 0
B53: ( + ) | C53: PAPELERIA Y UTILES | E53: 12516 | H53: =SUM(D53:G53) -> 12516
B54: ( + ) | C54: GASTOS DE MANTENIMIENTO | H54: =SUM(D54:G54) -> 0
B55: ( + ) | C55: PAGO A PERSONAS FISICAS EXENTAS DEL ISR QUE SE DEDIQUEN EXCLUSIVAMENTE A LAS ACTIVIDADES AGRICOLAS, GANADERAS, SILVICOLAS O PESQUERAS | H55: =SUM(D55:G55) -> 0
B56: ( + ) | C56: COSTO DE LOS LIBROS, PERIODICOS Y REVISTAS | H56: =SUM(D56:G56) -> 0
B57: ( + ) | C57: GASTOS REALIZADOS EN EL PAGO DE SERVICIOS POR EL USO DE INFRAESTRUCTURA CARRETERA | E57: 8405 | H57: =SUM(D57:G57) -> 8405
B58: ( + ) | C58: GASTOS REALIZADOS EN EL EJERCICIO POR PROYECTOS DE INVERSION Y DESARROLLO TECNOLOGICO | H58: =SUM(D58:G58) -> 0
B59: ( + ) | C59: PAGO DE PEAJE PARA TRASPORTE PUBLICO DE PERSONAS | E59: 2800 | H59: =SUM(D59:G59) -> 2800
B60: ( + ) | C60: PAGO DE PEAJE PARA TRASPORTE PUBLICO DE CARGA | H60: =SUM(D60:G60) -> 0
B61: ( + ) | C61: PAGO DE PEAJE PARA TRASPORTE PUBLICO TURISTICO | H61: =SUM(D61:G61) -> 0
B62: ( + ) | C62: PAGO DE PEAJE PARA TRASPORTE PRIVADO DE PERSONAS | H62: =SUM(D62:G62) -> 0
B63: ( + ) | C63: PAGO DE PEAJE PARA TRASPORTE PRIVADO DE CARGA | H63: =SUM(D63:G63) -> 0
B64: ( + ) | C64: PAGO DE PEAJE PARA TRASPORTE PRIVADO TURISTICO | H64: =SUM(D64:G64) -> 0
B65: ( + ) | C65: PAGO DEL DERECHO ESPECIAL SOBRE MINERIAL | H65: =SUM(D65:G65) -> 0
B66: ( = ) | C66: SUBTOTAL GASTOS | D66: =SUM(D7:D65) -> 0 | E66: =SUM(E7:E65) -> 640186 | F66: =SUM(F7:F65) -> 0 | G66: =SUM(G7:G65) -> 0 | H66: =SUM(H7:H65) -> 640186

Sheet DEDUCCIONES DE LA NOMINA
B1: =IF('DATOS DE LA EMPRESA'!F6="","",'DATOS DE LA EMPRESA'!F6) -> SADCAL CONSULTORIA Y SOLUCIONES INTEGRALES, S.A. DE C.V.
B2: DEDUCCIONES RELACIONADAS CON LA NÓMINA
B3: ="EJERCICIO "&'DATOS DE LA EMPRESA'!F12 -> EJERCICIO 2024
C5: CONCEPTO | D5: GASTOS DIRECTOS DE FABRICACION | E5: GASTOS INDIRECTOS DE FABRICACION | F5: GASTOS DE VENTA | G5: GASTOS DE ADMINISTRACION | H5: IMPORTE
C6: DEDUCCIONES RELACIONADAS CON LA NOMINA
B7: ( + ) | C7: APORTACIONES EFECTUADAS EN TERMINOS DE LA LEY DE INFONAVIT | F7: 4926 | H7: =SUM(D7:G7) -> 4926
B8: ( + ) | C8: APORTACIONES EFECTUADAS EN TERMINOS DE LA LEY DEL SAR | F8: 1970 | H8: =SUM(D8:G8) -> 1970
B9: ( + ) | C9: APORTACIONES EFECTUADAS PARA LA CREACION O INCREMENTO DE RESERVAS PARA FONDOS DE PENSIONES O JUBILACIONES DEL PERSONAL | H9: =SUM(D9:G9) -> 0
B10: ( + ) | C10: APORTACIONES PARA JUBILACIONES Y VEJEZ | F10: 4766 | H10: =SUM(D10:G10) -> 4766
B11: ( + ) | C11: CUOTAS DEL SEGURO POR DESEMPLEO | H11: =SUM(D11:G11) -> 0
B12: ( + ) | C12: CUOTAS PAGADAS POR LOS PATRONES AL INSTITUTO MEXICANO DEL SEGURO SOCIAL | F12: 20372 | H12: =SUM(D12:G12) -> 20372
B13: ( + ) | C13: IMPUESTOS LOCALES POR CONCEPTO DE REMUNERACIONES DE SALARIOS | F13: 2844 | H13: =SUM(D13:G13) -> 2844
B14: ( + ) | C14: LAS PROVISIONES PARA LA CREACION O EL INCREMENTO DE RESERVAS COMPLEMENTARIAS RELACIONADAS CON LAS GRATIFICACIONES A LOS TRABAJADORES CORRESPONDIENTES AL EJERCICIO | H14: =SUM(D14:G14) -> 0
B15: ( + ) | C15: OTROS CONCEPTOS | H15: =SUM(D15:G15) -> 0
B16: ( + ) | C16: REMUNERACIONES A EMPLEADOS O A TERCEROS, QUE ESTEN CONDICIONADOS AL COBRO DE LOS ABONOS EN LAS EJANENACIONES A PLAZOS O EN LOS CONTRATOS DE ARRENDAMIENTO FINANCIERO | H16: =SUM(D16:G16) -> 0
B17: ( = ) | C17: TOTAL DE DEDUCCIONES RELACIONADAS CON LA NOMINA | D17: =SUM(D7:D16) -> 0 | E17: =SUM(E7:E16) -> 0 | F17: =SUM(F7:F16) -> 34878 | G17: =SUM(G7:G16) -> 0 | H17: =SUM(D17:G17) -> 34878
B18: ( - ) | C18: GASTOS RELACIONADOS A LA MANO DE OBRA | D18: =D17 -> 0 | E18: =E17 -> 0 | H18: =SUM(D18:G18) -> 0
B19: ( = ) | C19: DEDUCCIONES AUTORIZADAS RELACIONADAS CON LA NOMINA | D19: =D17-D18 -> 0 | E19: =E17-E18 -> 0 | F19: =F17-F18 -> 34878 | G19: =G17-G18 -> 0 | H19: =SUM(D19:G19) -> 34878

Sheet INVERSIONES
B1: =IF('DATOS DE LA EMPRESA'!F6="","",'DATOS DE LA EMPRESA'!F6) -> SADCAL CONSULTORIA Y SOLUCIONES INTEGRALES, S.A. DE C.V.
B2: DEDUCCION DE INVERSIONES
B3: ="EJERCICIO "&'DATOS DE LA EMPRESA'!F12 -> EJERCICIO 2024
B5: CONCEPTO | C5: MONTO DE LA INVERSION | D5: GASTOS RELACIONADOS | E5: MONTO ORIGINAL DE LA INVERSION | F5: DEDUCCION ACTUALIZADA
B7: GASTOS Y CARGOS DIFERIDOS
B8: CARGOS DIFERIDOS | C8: 0 | D8: 0 | E8: =SUM(C8:D8) -> 0 | F8: 0
B9: EROGACIONES REALIZADAS EN PERIODOS PREOPERATIVOS | C9: 0 | D9: 0 | E9: =SUM(C9:D9) -> 0 | F9: 0
B10: REGALIAS, ASISTENCIA TECNICA, OTROS GASTOS DIFERIDOS | C10: 0 | D10: 0 | E10: =SUM(C10:D10) -> 0 | F10: 0
B11: ACTIVOS INTANGIBLES | C11: 0 | D11: 0 | E11: =SUM(C11:D11) -> 0 | F11: 0
B12: CONSTRUCCIONES
B13: INMUEBLES DECLARADOS COMO MONUMENTOS ARQUEOLOGICOS, ARTISTICOS, HISTORICOS O PATRIMONIALES | C13: 0 | D13: 0 | E13: =SUM(C13:D13) -> 0 | F13: 0
B14: INSTALACIONES, ADICIONES, REPARACIONES, MEJORAS, ADAPTACIONES EN UN LOTE MINERO | C14: 0 | D14: 0 | E14: =SUM(C14:D14) -> 0 | F14: 0
B15: FERROCARRILES
B16: BOMBAS DE SUMINISTRO DE COMBUSTIBLE A TRENES | C16: 0 | D16: 0 | E16: =SUM(C16:D16) -> 0 | F16: 0
B17: VIAS FERREAS | C17: 0 | D17: 0 | E17: =SUM(C17:D17) -> 0 | F17: 0
B18: CARROS DE FERROCARRIL, LOCOMOTORAS, ARMONES Y AUTOARMONES | C18: 0 | D18: 0 | E18: =SUM(C18:D18) -> 0 | F18: 0
B19: MAQUINARIA NIVELADORA DE VIAS, DESCLAVADORES, ESMERILES PARA VIAS, GASTOS DE MOTOR PARA LEVANTAR LA VIA, REMOVEDORA, INSERTADORA Y TALADRADORA DE DURMIENTES | C19: 0 | D19: 0 | E19: =SUM(C19:D19) -> 0 | F19: 0
B20: EQUIPO DE COMUNICACIÓN, SEÑALIZACION Y TELEMANDO | C20: 0 | D20: 0 | E20: =SUM(C20:D20) -> 0 | F20: 0
B21: MOBILIARIO Y EQUIPO DE OFICINA
B22: MOBILIARIO Y EQUIPO DE OFICINA | C22: 0 | D22: 0 | E22: =SUM(C22:D22) -> 0 | F22: 0
B23: EMBARCACIONES
B24: EMBARCACIONES | C24: 0 | D24: 0 | E24: =SUM(C24:D24) -> 0 | F24: 0
B25: AVIONES
B26: DEDICADAS A LA AEROFUMIGACION AGRICOLA | C26: 0 | D26: 0 | E26: =SUM(C26:D26) -> 0 | F26: 0
B27: PARA LOS DEMAS | C27: 0 | D27: 0 | E27: =SUM(C27:D27) -> 0 | F27: 0
B28: AUTOMOVILES
B29: AUTOMOVILES, AUTOBUSES, CAMIONES DE CARGA, TRACTOCAMIONES, MONTACARGAS Y REMOLQUES | C29: 0 | D29: 0 | E29: =SUM(C29:D29) -> 0 | F29: 0
B30: COMPUTADORAS
B31: COMPUTADORAS PERSONALES DE ESCRITORIO Y PORTATILES; SERVIDORES; IMPRESORAS, LECTORES OPTICOS, GRAFICADORES, LECTORES DE CODIGO DE VARRAS, DIGITALIZADORES, UNIDADES DE ALMACENAMIENTO EXTERNO Y CONCENTRADORES DE REDES DE COMPUTO | C31: 63260 | D31: 0 | E31: =SUM(C31:D31) -> 63260 | F31: 12543
B32: DADOS TROQUELES MOLDES MATRICES Y HERRAMENTAL
B33: DADOS TROQUELES MOLDES MATRICES Y HERRAMENTAL | C33: 0 | D33: 0 | E33: =SUM(C33:D33) -> 0 | F33: 0
B34: SEMOVIENTES Y VEGETALES | E34: =SUM(C34:D34) -> 0
B35: SEMOVIENTES Y VEGETALES | C35: 0 | D35: 0 | E35: =SUM(C35:D35) -> 0 | F35: 0
B36: COMUNICACIONES TELEFONICAS
B37: TORRES DE TRANSMISION Y CABLES, EXEPTO DE FIBRA OPTICA | C37: 0 | D37: 0 | E37: =SUM(C37:D37) -> 0 | F37: 0
B38: SISTEMAS DE RADIO, EQUIPO DE TRANSMISIÓN, RADIOTRANSMISION DE MICROONDA DIGITAL O ANALOGICA, TORRES DE MICROONDAS Y GIAS DE ONDA | C38: 0 | D38: 0 | E38: =SUM(C38:D38) -> 0 | F38: 0
B39: EQUIPO UTILIZADO EN LA TRANSMISION COMO CIRCUITOS DE LA PANTALLA INTERNA QUE NO FORMAN PARTE DE LA CONMUTACION | C39: 0 | D39: 0 | E39: =SUM(C39:D39) -> 0 | F39: 0
B40: EQUIPO DE LA CENTRAL TELEFONICA DESTINADO A LA CONMUTACION DE LLAMADAS DE TECNOLOGIA DISTINTA A LA ELECTROMECANICA | C40: 0 | D40: 0 | E40: =SUM(C40:D40) -> 0 | F40: 0
B41: PARA LOS DEMAS | C41: 0 | D41: 0 | E41: =SUM(C41:D41) -> 0 | F41: 0
B42: COMUNICACIONES SATELITALES
B43: SEGMENTO SATELITAL EN EL ESPACIO, INCLUYENDO EL CUERPO PRINCIPAL DEL SATELITE, LOS TRANSPONDEDORES, LAS ANTENAS PARA LA TRANSMISION Y RECEPCION DE COMUNICACIONES DIGITALES Y ANALOGAS, Y EL EQUIPO DE MONITOREO EN EL SATELITE | C43: 0 | D43: 0 | E43: =SUM(C43:D43) -> 0 | F43: 0
B44: EQUIPO SATELITAL EN TIERRA, INCLUYENDO LAS ANTENAS PARA LA TRANSMISION Y RECEPCION DE COMUNICACIONES DIGITALES Y ANALOGAS Y EL EQUIPO PARA EL MONITOREO DEL SATELITE | C44: 0 | D44: 0 | E44: =SUM(C44:D44) -> 0 | F44: 0
B45: ADAPTACIONES QUE SE REALICEN A INSTALACIONES AL ACTIVO FIJO
B46: ADAPTACIONES A INSTALACIONES AL ACTIVO FIJO PARA PERSONAS CON DISCAPACIDAD | C46: 0 | D46: 0 | E46: =SUM(C46:D46) -> 0 | F46: 0
B47: MAQUINARIA Y EQUIPO PARA LA GENERACION DE ENERGIA
B48: MAQUINARIA Y EQUIPO PARA LA GENERACION DE ENERGIA PROVENIENTE DE FUENTES RENOVABLES O DE SISTEMAS DE COGENERACION DE ELECTRICIDAD EFICIENTE | C48: 0 | D48: 0 | E48: =SUM(C48:D48) -> 0 | F48: 0
B49: BICICLETAS
B50: BICICLETAS CONVENCIONALES, BICICLETAS Y MOTOCICLETAS CUYA PROPULSION SEA A TRAVES DE BATERIAS ELECTRICAS RECARGABLES | C50: 0 | D50: 0 | E50: =SUM(C50:D50) -> 0 | F50: 0
B51: DERECHO DE USUFRUCTO
B52: DERECHO DE USUFRUCTO CONSTITUIDO SOBRE UN BIEN INMUEBLE | C52: 0 | D52: 0 | E52: =SUM(C52:D52) -> 0 | F52: 0
B53: DERECHO DE USUFRUCTO
B54: DERECHO DE USUFRUCTO CONSTITUIDO SOBRE UN BIEN INMUEBLE | C54: 0 | D54: 0 | E54: =SUM(C54:D54) -> 0 | F54: 0
B55: MAQUINARIA Y EQUIPO
B56: GENERACION, CONDUCCION, TRANSFORMACION Y DISTRIBUCION DE ELECTRICIDAD; EN LA MOLIENDA DE GANOS; EN LA PRODUCCION DE AZUCAR Y SUS DERIVADOS; EN LA FABRICACION DE ACEITES COMESTIBLES; EN EL TRANSPORTE MARITIMO, FLUVIAL Y LACUSTRE | C56: 0 | D56: 0 | E56: =SUM(C56:D56) -> 0 | F56: 0
B57: PRODUCCION DE METAL OBTENIDO EN PRIMER PROCESO; EN LA FABRICACION DE PRODUCTOS DE TABACO Y DERIVADOS DEL CARBON NATURAL | C57: 0 | D57: 0 | E57: =SUM(C57:D57) -> 0 | F57: 0
B58: FABRICACION DE PULPA, PAPEL Y PRODUCTOS SIMILARES | C58: 0 | D58: 0 | E58: =SUM(C58:D58) -> 0 | F58: 0
B59: FABRICACION DE VEHICULOS DE MOTOR Y SUS PARTES, CONSTRUCCION DE FERROCARRILES Y NAVIOS, FABRICACION DE PRODUCTOS DE METAL, MAQUINARIA Y DE INSTRUMENTOS PROFESIONALES Y CIENTIFICOS, ELABORACION DE PRODUCTOS ALIMENTICIOS Y DE BEBIDAS, EXEPTO GRANOS, AZUCAR, ACEITES COMESTIBLES Y DERIVADOS | C59: 0 | D59: 0 | E59: =SUM(C59:D59) -> 0 | F59: 0
B60: CURTIDO DE PIEL Y LA FABRICACION DE ARTICULOS DE PIEL, ELABORACION DE PRODUCTOS QUIMICOS, PETROQUIMICOS Y FARMACOBIOLOGICOS, FABRICACION DE PRODUCTOS DE CAUCHO Y DE PLASTICO; EN LA IMPRESIÓN Y PUBLICACION GRAFICA | C60: 0 | D60: 0 | E60: =SUM(C60:D60) -> 0 | F60: 0
B61: TRANSPORTE ELECTRICO; EN INFRAESTRUCTURA FIJA PARA EL TRANSPORTE, ALMACENAMIENTO Y PROCESAMIENTO DE HIDROCARBUROS, EN PLATAFORMAS Y AMBARCACIONES DE PERFORACION DE POZOS, Y EMBARCACIONES DE PROCESAMIENTO Y ALMACENAMIENTO DE HIDROCARBUROS | C61: 0 | D61: 0 | E61: =SUM(C61:D61) -> 0 | F61: 0
B62: INVERSIONES EN EQUIPOS FIJOS DE ALIMENTACION PARA VEHICULOS ELECTRICOS, PUBLICOS | C62: 0 | D62: 0 | E62: =SUM(C62:D62) -> 0 | F62: 0
B63: INVERSIONES EN EQUIPOS FIJOS DE ALIMENTACION PARA VEHICULOS ELECTRICOS, NO PUBLICOS | C63: 0 | D63: 0 | E63: =SUM(C63:D63) -> 0 | F63: 0
B64: FABRICACION, ACABADO, TEÑIDO Y ESTAMPADO DE PRODUCTOS TEXTILES, ASI COMO DE PRENDAS PARA EL VESTIDO | C64: 0 | D64: 0 | E64: =SUM(C64:D64) -> 0 | F64: 0
B65: INDUSTRIA MINERA; EN LA CONSTRUCCION DE AERONAVES Y EN EL TRASPORTE TERRESTRE DE CARGA Y PASAJEROS | C65: 0 | D65: 0 | E65: =SUM(C65:D65) -> 0 | F65: 0
B66: TRANSPORTE AEREO, TRANSMISION DE LOS SERVICIOS DE COMUNICACIÓN PROPORCIONADOS POR TELEGRAFOS Y POR LAS ESTACIONES DE RADIO Y TELEVISION | C66: 0 | D66: 0 | E66: =SUM(C66:D66) -> 0 | F66: 0
B67: RESTAURANTES | C67: 0 | D67: 0 | E67: =SUM(C67:D67) -> 0 | F67: 0
... B71: OTRAS ACTIVIDADES NO ESPECIFICADAS | C71: 0 | D71: 0 | E71: =SUM(C71:D71) -> 0 | F71: 0
B72: TOTAL DE DEDUCCION POR INVERSION | C72: =SUM(C7:C71) -> 63260 | D72: =SUM(D7:D71) -> 0 | E72: =SUM(E7:E71) -> 63260 | F72: =SUM(F7:F71) -> 12543
B73: DEDUCCION DE INVERSIONES PARA COSTO DE LO VENDIDO | F73: 0
B74: DEDUCIONES AUTORIZADAS POR INVERSIONES | F74: =F72-F73 -> 12543

Sheet COMPRAS
B1: =IF('DATOS DE LA EMPRESA'!F6="","",'DATOS DE LA EMPRESA'!F6) -> SADCAL CONSULTORIA Y SOLUCIONES INTEGRALES, S.A. DE C.V.
B2: FORMULA PARA DETERMINACION DE LAS COMPRAS DE MERCANCIA
B3: ="EJERCICIO "&'DATOS DE LA EMPRESA'!F12 -> EJERCICIO 2024
B5: COMPRAS | F5: DISTRIBUYE SEGÚN CORRESPONDA:
C6: CONCEPTO | D6: TOTAL | F6: COMPRAS NETAS NACIONALES | G6: COMPRAS NETAS EXTRANJERAS
B8: ( + ) | C8: INVENTARIO FINAL | D8: 0
B9: ( + ) | C9: COSTO DE VENTAS | D9: 36535
B10: ( = ) | C10: INVENTARIO DISPONIBLE | D10: =SUM(D8:D9) -> 36535
B11: ( - ) | C11: INVENTARIO INICIAL | D11: 0
B12: ( = ) | C12: COMPRAS NETAS | D12: =D10-D11 -> 36535 | E12: → | F12: 36535 | G12: 0

Sheet COSTO DE LO VENDIDO
B1: =IF('DATOS DE LA EMPRESA'!F6="","",'DATOS DE LA EMPRESA'!F6) -> SADCAL CONSULTORIA Y SOLUCIONES INTEGRALES, S.A. DE C.V.
B2: COSTO DE LO VENDIDO Y DETERMINACION DEL COSTO DE PRODUCCION
B3: ="EJERCICIO "&'DATOS DE LA EMPRESA'!F12 -> EJERCICIO 2024
C5: CONCEPTO | D5: SELECCIONAR
C6: TIPO DE DETERMINACION DEL COSTO | D6: HISTORICOS
C7: METODO DE VALUACION DE LOS INVENTARIOS | D7: COSTO PROMEDIO
C8: DEDUCCIONES RELACIONADAS CON LA NOMINA | D8: COSTEO ABSORBENTE
C11: CONCEPTO | D11: IMPORTE
C12: COSTO DE LO VENDIDO
C13: INVENTARIO INICIAL | D13: =COMPRAS!D11 -> 0
B14: ( + ) | C14: COMPRAS NETAS NACIONALES | D14: =COMPRAS!F12 -> 36535
B15: ( + ) | C15: COMPRAS NETAS EXTRANJERAS | D15: =COMPRAS!G12 -> 0
B16: ( - ) | C16: INVENTARIO FINAL | D16: =COMPRAS!D8 -> 0
B17: ( = ) | C17: TOTAL DE MATERIALES UTILIZADOS O COMERCIALIZADOS | D17: =D13+D14+D15-D16 -> 36535
B18: ( + ) | C18: MANO DE OBRA DIRECTA DE FABRICACION | D18: ='SUELDOS Y ASIMILADOS'!D40 -> 0
B19: ( + ) | C19: GASTOS RELACIONADOS CON LA MANO DE OBRA | D19: ='DEDUCCIONES DE LA NOMINA'!H18 -> 0
B20: ( + ) | C20: MAQUILAS | D20: 0
B21: ( + ) | C21: GASTOS INDIRECTOS | D21: 0
B22: ( + ) | C22: DEDUCCION DE INVERSIONES | D22: =INVERSIONES!F73 -> 0
B23: ( + ) | C23: MANO DE OBRA INDIRECTA DE FABRICACION | D23: ='SUELDOS Y ASIMILADOS'!D41 -> 0
B24: ( = ) | C24: COSTO DE LO VENDIDO | D24: =SUM(D17:D23) -> 36535
C26: COSTO DE PRODUCCION
C27: IMPORTE DE MATERIAS PRIMAS | D27: 0
B28: ( + ) | C28: MANO DE OBRA DIRECTA | D28: 0
B29: ( + ) | C29: COSTOS INDIRECTOS DE FABRICACION | D29: 0
B30: ( + ) | C30: COSTO DE PRODUCCION | D30: =D27+D28+D29 -> 0

Sheet DEDUCCIONES AUTORIZADAS
B1: =IF('DATOS DE LA EMPRESA'!F6="","",'DATOS DE LA EMPRESA'!F6) -> SADCAL CONSULTORIA Y SOLUCIONES INTEGRALES, S.A. DE C.V.
B2: TOTAL DE DEDUCCIONES AUTORIZADAS
B3: ="EJERCICIO "&'DATOS DE LA EMPRESA'!F12 -> EJERCICIO 2024
C5: CONCEPTO | D5: IMPORTE
C6: DEDUCCIONES AUTORIZADAS
B7: ( + ) | C7: SUELDOS, SALARIOS Y ASIMILADOS | D7: ='SUELDOS Y ASIMILADOS'!D43 -> 94958
B8: ( + ) | C8: GASTOS | D8: =GASTOS!H66 -> 640186
B9: ( + ) | C9: DEDUCCIONES RELACIONADAS CON LA NOMINA | D9: ='DEDUCCIONES DE LA NOMINA'!H19 -> 34878
B10: ( + ) | C10: DEDUCCION DE INVERSIONES | D10: =INVERSIONES!F74 -> 12543
B11: ( + ) | C11: COSTO DE LO VENDIDO | D11: ='COSTO DE LO VENDIDO'!D24 -> 36535
B12: ( + ) | C12: AJUSTE ANUAL POR INFLACION DEDUCIBLE | D12: ='AJUSTE ANUAL POR INFLACION'!D47 -> 2564
B13: ( + ) | C13: ESTIMULOS POR APLICAR | D13: 0
B14: ( = ) | C14: TOTAL DE DEDUCCIONES AUTORIZADAS | D14: =SUM(D7:D13) -> 821664

Sheet PAGOS PROVISIONALES ISR
B1: =IF('DATOS DE LA EMPRESA'!F6="","",'DATOS DE LA EMPRESA'!F6) -> SADCAL CONSULTORIA Y SOLUCIONES INTEGRALES, S.A. DE C.V.
B2: PAGOS PROVISIONALES DE ISR
B3: ="EJERCICIO "&'DATOS DE LA EMPRESA'!F12 -> EJERCICIO 2024
C5: MES | D5: PAGO PROVISIONAL | E5: ISR RETENIDO | F5: TOTAL
B6: ( + ) | C6: ENERO | D6: 0 | E6: 0 | F6: =SUM(D6:E6) -> 0
B7: ( + ) | C7: FEBRERO | D7: 0 | E7: 0 | F7: =SUM(D7:E7) -> 0
B8: ( + ) | C8: MARZO | D8: 0 | E8: 0 | F8: =SUM(D8:E8) -> 0
B9: ( + ) | C9: ABRIL | D9: 0 | E9: 0 | F9: =SUM(D9:E9) -> 0
B10: ( + ) | C10: MAYO | D10: 0 | E10: 0 | F10: =SUM(D10:E10) -> 0
B11: ( + ) | C11: JUNIO | D11: 0 | E11: 0 | F11: =SUM(D11:E11) -> 0
B12: ( + ) | C12: JULIO | D12: 0 | E12: 0 | F12: =SUM(D12:E12) -> 0
B13: ( + ) | C13: AGOSTO | D13: 0 | E13: 0 | F13: =SUM(D13:E13) -> 0
B14: ( + ) | C14: SEPTIEMBRE | D14: 0 | E14: 0 | F14: =SUM(D14:E14) -> 0
B15: ( + ) | C15: OCTUBRE | D15: 0 | E15: 0 | F15: =SUM(D15:E15) -> 0
B16: ( + ) | C16: NOVIEMBRE | D16: 0 | E16: 0 | F16: =SUM(D16:E16) -> 0
B17: ( + ) | C17: DICIEMBRE | D17: 0 | E17: 0 | F17: =SUM(D17:E17) -> 0
C18: TOTAL PAGOS PROVISIONALES | D18: =ROUND(SUM(D6:D17),0) -> 0 | E18: =ROUND(SUM(E6:E17),0) -> 0 | F18: =ROUND(SUM(F6:F17),0) -> 0

Sheet ISR PERSONAS MORALES
B1: =IF('DATOS DE LA EMPRESA'!F6="","",'DATOS DE LA EMPRESA'!F6) -> SADCAL CONSULTORIA Y SOLUCIONES INTEGRALES, S.A. DE C.V.
B2: IMPUESTO SOBRE LA RENTA DEL EJERCICIO
B3: ="EJERCICIO "&'DATOS DE LA EMPRESA'!F12 -> EJERCICIO 2024
C5: CONCEPTO | D5: IMPORTE
B6: ( + ) | C6: TOTAL DE INGRESOS ACUMULABLES | D6: ='INGRESOS ACUMULABLES'!D10 -> 1108820
B7: ( - ) | C7: TOTAL DE DEDUCCIONES AUTORIZADAS | D7: ='DEDUCCIONES AUTORIZADAS'!D14 -> 821664
B8: ( = ) | C8: UTILIDAD O PERDIDA FISCAL ANTES DE PTU | D8: =D6-D7 -> 287156
B9: ( - ) | C9: PTU PAGADA EN EL EJERCICIO | D9: 0
B10: ( = ) | C10: UTILIDAD FISCAL DEL EJERCICIO | D10: =IF(D8-D9>0,D8-D9,0) -> 287156
B11: ( = ) | C11: PERDIDA FISCAL DEL EJERCICIO | D11: =IF(D8-D9<0,D9-D8,0) -> 0
B12: ( - ) | C12: PERDIDAS FISCALES DE EJERCICIOS ANTERIORES QUE SE APLICAN EN EL EJERCICIO | D12: 199172
B13: ( = ) | C13: RESULTADO FISCAL | D13: =IF(D10-D11-D12<0,0,D10-D11-D12) -> 87984
B14: ( = ) | C14: IMPUESTO CAUSADO DEL EJERCICIO | D14: =ROUND(D13*0.3,0) -> 26395
B15: ( - ) | C15: ESTIMULOS POR APLICAR AL IMPUESTO CAUSADO
B16: ( = ) | C16: IMPUESTO SOBRE LA RENTA DEL EJERCICIO | D16: =IF(D14-D15<0,0,D14-D15) -> 26395
B17: ( - ) | C17: IMPUESTO ACREDITABLE POR DIVIDENDOS O UTILIDADES DISTRIBUIDAS | D17: 0
B18: ( - ) | C18: IMPUESTO ACREDITABLE PAGADO EN EL EXTRANJERO | D18: 0
B19: ( - ) | C19: PAGOS PROVISIONALES EFECTUADOS | D19: ='PAGOS PROVISIONALES ISR'!D18 -> 0
B20: ( - ) | C20: IMPUESTO RETENIDO AL CONTRIBUYENTE | D20: ='PAGOS PROVISIONALES ISR'!E18 -> 0
B21: ( = ) | C21: ISR A CARGO DEL EJERCICIO | D21: =IF(D16-D17-D18-D19-D20>0,D16-D17-D18-D19-D20,0) -> 26395
B22: ( = ) | C22: ISR A FAVOR DEL EJERCICIO | D22: =IF(D16-D17-D18-D19-D20<0,-D16+D17+D18+D19+D20,0) -> 0
B23: ( - ) | C23: SUBSIDIO PARA EL EMPLEO | D23: 0
B24: ( - ) | C24: COMPENSACIONES | D24: 8116
B25: ( - ) | C25: ESTIMULOS AL IMPUESTO A CARGO | D25: 0
B26: ( = ) | C26: TOTAL DE APLICACIONES | D26: =D23+D24+D25 -> 8116
B27: ( = ) | C27: CANTIDAD A CARGO | D27: =IF(D21-D22-D26>0,D21-D22-D26,0) -> 18279
B28: ( = ) | C28: CANTIDAD A PAGAR | D28: =D27 -> 18279
B30: RECARGOS POR LA DIFERENCIA ENTRE LOS PAGOS PROVISIONALES REALIZADOS
B31: ( = ) | C31: RECARGOS POR LA DIFERENCIA ENTRE LOS PAGOS PROVISIONALES REALIZADOS | D31: 0
B32: ( = ) | C32: CANTIDAD A PAGAR | D32: =D31 -> 0

Sheet PTU GENERADA
B1: =IF('DATOS DE LA EMPRESA'!F6="","",'DATOS DE LA EMPRESA'!F6) -> SADCAL CONSULTORIA Y SOLUCIONES INTEGRALES, S.A. DE C.V.
B2: PARTICIPACION DE LAS UTILIDADES
B3: ="EJERCICIO "&'DATOS DE LA EMPRESA'!F12 -> EJERCICIO 2024
C5: PARTICIPACION DE LOS TRABAJADORES EN LAS UTILIDADES | D5: IMPORTE | U5: FILTRO
B6: ↓ | C6: INGRESOS ACUMULABLES | D6: 1108820 | U6: SI
B7: ( - ) | C7: SALARIOS Y PRESTACIONES EXENTAS NO DEDUCIBLES | D7: 1951
B8: ( - ) | C8: DEDUCCION INMEDIATA DE BIENES NUEVOS DE ACTIVO FIJO QUE HUBIERA CORRESPONDIDO | D8: 0
B9: ( - ) | C9: DEDUCCIONES AUTORIZADAS | D9: 821664
B10: ( = ) | C10: BASE PARA PTU | D10: =IF(D6-D7-D8-D9>0,D6-D7-D8-D9,0) -> 285205
B11: ( % ) | C11: TASA DE PTU | D11: 0.1
B12: ( = ) | C12: PTU GENERADA | D12: =D10*D11 -> 28520.5 | U12: NO
B14: ↓ | C14: PTU TOTAL A DISTRUBUIR ENTRE LOS TRABAJADORES DEL EJERCICIO INMEDIATO ANTERIOR | D14: 0
B15: ( - ) | C15: PARTICIPACION DE LOS TRABAJADORES EN LAS UTILIDADES PAGADA EN EL EJERCICIO | D15: 0
B16: ( = ) | C16: PTU NO PAGADA EN EL EJERCICIO | D16: =D14-D15 -> 0
B18: ↓ | C18: PTU A DISMINUIR POR PAGOS EN EXCESO DE EJERCICIOS ANTERIORES | D18: 0
B19: ( = ) | C19: PTU A DISMINUIR POR PAGOS EN EXCESO DE EJERCICIOS ANTERIORES | D19: =D18 -> 0
B21: ( = ) | C21: PTU DEL EJERCICIO | D21: =D12+D16-D19 -> 28520.5

Sheet COEFICIENTE DE UTILIDAD
B1: =IF('DATOS DE LA EMPRESA'!F6="","",'DATOS DE LA EMPRESA'!F6) -> SADCAL CONSULTORIA Y SOLUCIONES INTEGRALES, S.A. DE C.V.
B2: CUEFICIENTE DE UTILIDAD POR APLICAR EN EL EJERCICIO SIGUIENTE
B3: ="EJERCICIO "&'DATOS DE LA EMPRESA'!F12 -> EJERCICIO 2024
C5: CONCEPTO | D5: IMPORTE
C6: COEFICIENTE DE UTILIDAD
C7: UTILIDAD FISCAL PARA EL COEFICIENTE DE UTILIDAD | D7: 287156
B8: ( + ) | C8: ANTICIPOS Y RENDIMIENTOS (ART. 94 FRACC II LISR)
B9: ( + ) | C9: DEDUCCION INMEDIATA
B10: ( = ) | C10: UTILIDAD FISCAL BASE PARA COEFICIENTE | D10: =IF((D7+D8+D9)<=0,0,(D7+D8+D9)) -> 287156
B11: ( / ) | C11: INGRESOS NOMINALES | D11: =D17 -> 1108820
B12: ( = ) | C12: COEFICIENTE DEUTILIDAD | D12: =IFERROR(TRUNC(D10/D11,4),0) -> 0.2589
C14: INGRESOS NOMINALES
B15: ( + ) | C15: INGRESOS ACUMULABLES | D15: ='INGRESOS ACUMULABLES'!D10 -> 1108820
B16: ( - ) | C16: AJUSTE ANUAL POR INFLACION ACUMULABLE | D16: ='AJUSTE ANUAL POR INFLACION'!D48 -> 0
B17: ( = ) | C17: INGRESOS NOMINALES | D17: =D15-D16 -> 1108820

Sheet SITUACION FINANCIERA
B1: =IF('DATOS DE LA EMPRESA'!F6="","",'DATOS DE LA EMPRESA'!F6) -> SADCAL CONSULTORIA Y SOLUCIONES INTEGRALES, S.A. DE C.V.
B2: ESTADO DE SITUACION FINANCIERA
B3: ="EJERCICIO "&'DATOS DE LA EMPRESA'!F12 -> EJERCICIO 2024
B5: CONCEPTO | C5: ='DATOS DE LA EMPRESA'!F12 -> 2024 | E5: =C5-1 -> 2023
B6: ACTIVO
B7: ACTIVO A CORTO PLAZO
B8: EFECTIVO Y EQUIVALENTES DE EFECTIVO
B9: INSTRUMENTOS FINANCIEROS DE NEGOCIACION
B10: CLIENTES
B11: CUENTAS Y DOCUMENTOS POR COBRAR
B12: DEUDORES DIVERSOS
B13: ESTIMACION DE CUENTAS INCOBRABLES
B14: IMPUESTO POR RECUPERAR
B15: INVENTARIOS
B16: PAGOS ANTICIPADOS
B17: ACTIVOS DISPONIBLES PARA VENTA
B18: TOTAL DE ACTIVO A CORTO PLAZO | C18: =SUM(C8:C17) -> 0 | E18: =SUM(E8:E17) -> 0
B20: ACTIVO A LARGO PLAZO
B21: PROPIEDADES, PLANTAS Y EQUIPO
B22: CUENTAS Y DOCUMENTOS POR COBRAR A LARGO PLAZO
B23: ANTICIPO A PROVEEDORES
B24: CREDITO MERCANTIL
B25: ACTIVOS INTANGIBLES
B26: INVERSIONES EN ASOCIADAS
B27: INSTRUMENTOS FINANCIEROS POR COBRAR A LARGO PLAZO
B28: TOTAL DE ACTIVO A LARGO PLAZO | C28: =SUM(C21:C27) -> 0 | E28: =SUM(E21:E27) -> 0
B30: TOTAL DE ACTIVO | C30: =C18+C28 -> 0 | E30: =E18+E28 -> 0
B32: PASIVO
B33: PASIVO A CORTO PLAZO
B34: PRESTAMOS BANCARIOS
B35: PROVEEDORES
B36: CUENTAS Y DOCUMENTOS POR PAGAR
B37: INSTRUMENTOS FINANCIEROS
B38: ACREEDORES DIVERSOS
B39: IMPUESTOS A LA UTILIDAD POR PAGAR
B40: ANTICIPO DE CLIENTES
B41: PROVISIONES
B42: IMPUESTOS POR PAGAR
B43: TOTAL DE PASIVO A CORTO PLAZO | C43: =SUM(C34:C42) -> 0 | E43: =SUM(E34:E42) -> 0
B45: PASIVO A LARGO PLAZO
B46: CUENTAS Y DOCUMENTOS POR PAGAR A LARGO PLAZO
B47: INSTRUMENTOS FINANCIEROS A LARGO PLAZO
B48: RENTAS COBRADAS POR ANTICIPADO
B49: APORTACIONES PARA FUTUROS AUMENTOS DE CAPITAL
B50: IMPUESTO A LA UTILIDAD DIFERIDO POR PAGAR
B51: BENEFICIOS A EMPLEADOS
B52: PROVISIONES A LARGO PLAZO
B53: TOTAL DE PASIVO A LARGO PLAZO | C53: =SUM(C46:C52) -> 0 | E53: =SUM(E46:E52) -> 0
B55: TOTAL PASIVO | C55: =C43+C53 -> 0 | E55: =E43+E53 -> 0
B57: CAPITAL
B58: CAPITAL CONTABLE
B59: CAPITAL SOCIAL
B60: UTILIDADES ACUMULADAS
B61: OTROS RESULTADOS INTEGRALES
B62: PARTICIPACION CONTROLADORA
B63: PARTICIPACION NO CONTROLADORA
B64: TOTAL DE CAPITAL CONTABLE | C64: =SUM(C59:C63) -> 0 | E64: =SUM(E59:E63) -> 0
B66: TOTAL DE PASIVO Y CAPITAL CONTABLE | C66: =C55+C64 -> 0 | E66: =E55+E64 -> 0

Sheet RESULTADOS
B1: =IF('DATOS DE LA EMPRESA'!F6="","",'DATOS DE LA EMPRESA'!F6) -> SADCAL CONSULTORIA Y SOLUCIONES INTEGRALES, S.A. DE C.V.
B2: ESTADO DE RESULTADOS
B3: ="EJERCICIO "&'DATOS DE LA EMPRESA'!F12 -> EJERCICIO 2024
B5: CONCEPTO | C5: ='DATOS DE LA EMPRESA'!F12 -> 2024 | G5: =C5-1 -> 2023
C6: PARTES RELACIONADAS | D6: PARTES NO RELACIONADAS | E6: TOTAL | G6: PARTES RELACIONADAS | H6: PARTES NO RELACIONADAS | I6: TOTAL
B8: VENTAS Y/O SERVICIOS NACIONALES | C8: 0 | D8: 0 | E8: =SUM(C8:D8) -> 0 | G8: 0 | H8: 0 | I8: =SUM(G8:H8) -> 0
B9: VENTAS Y/O SERVICIOS EXTRANJEROS | C9: 0 | D9: 0 | E9: =SUM(C9:D9) -> 0 | G9: 0 | H9: 0 | I9: =SUM(G9:H9) -> 0
B10: DEVOLUCIONES, DESCUENTOS Y BONIFICACIONES SOBRE VENTAS NACIONALES | C10: 0 | D10: 0 | E10: =SUM(C10:D10) -> 0 | G10: 0 | H10: 0 | I10: =SUM(G10:H10) -> 0
B11: DEVOLUCIONES, DESCUENTOS Y BONIFICACIONES SOBRE VENTAS EXTRANJERO | C11: 0 | D11: 0 | E11: =SUM(C11:D11) -> 0 | G11: 0 | H11: 0 | I11: =SUM(G11:H11) -> 0
B12: INGRESOS NETOS | C12: =C8+C9-C10-C11 -> 0 | D12: =D8+D9-D10-D11 -> 0 | E12: =E8+E9-E10-E11 -> 0 | G12: =G8+G9-G10-G11 -> 0 | H12: =H8+H9-H10-H11 -> 0 | I12: =I8+I9-I10-I11 -> 0
B13: INVENTARIO INICIAL | E13: 0 | I13: 0
B14: COMPRAS NETAS NACIONALES | C14: 0 | D14: 0 | E14: =SUM(C14:D14) -> 0 | G14: 0 | H14: 0 | I14: =SUM(G14:H14) -> 0
B15: COMPRAS NETAS DE IMPORTACION | C15: 0 | D15: 0 | E15: =SUM(C15:D15) -> 0 | G15: 0 | H15: 0 | I15: =SUM(G15:H15) -> 0
B16: INVENTARIO FINAL | E16: 0 | I16: 0
B17: COSTO DE LAS MERCANCIAS | E17: =E13+E14+E15-E16 -> 0 | I17: =I13+I14+I15-I16 -> 0
B18: MANO DE OBRA | C18: 0 | D18: 0 | E18: =SUM(C18:D18) -> 0 | G18: 0 | H18: 0 | I18: =SUM(G18:H18) -> 0
B19: MAQUILAS | C19: 0 | D19: 0 | E19: =SUM(C19:D19) -> 0 | G19: 0 | H19: 0 | I19: =SUM(G19:H19) -> 0
B20: GASTOS INDIRECTOS DE FABRICACION | C20: 0 | D20: 0 | E20: =SUM(C20:D20) -> 0 | G20: 0 | H20: 0 | I20: =SUM(G20:H20) -> 0
B21: COTO DE VENTAS Y/O SERVICIOS | E21: =E17+E18+E19+E20 -> 0 | I21: =I17+I18+I19+I20 -> 0
B22: UTILIDAD BRUTA | E22: =IF(E12>E21,E12-E21,0) -> 0 | I22: =IF(I12>I21,I12-I21,0) -> 0
B23: PERDIDA BRUTA | E23: =IF(E21>E12,E21-E12,0) -> 0 | I23: =IF(I21>I12,I21-I12,0) -> 0
B24: GASTOS DE OPERACIÓN | C24: 0 | D24: 0 | E24: =SUM(C24:D24) -> 0 | G24: 0 | H24: 0 | I24: =SUM(G24:H24) -> 0
B25: UTILIDAD DE OPERACIÓN | E25: =IF(E22-E23-E24<0,0,E22-E23-E24) -> 0 | I25: =IF(I22-I23-I24<0,0,I22-I23-I24) -> 0
B26: PERDIDA DE OPERACIÓN | E26: =IF(E22-E23-E24>0,0,-E22+E23+E24) -> 0 | I26: =IF(I22-I23-I24>0,0,-I22+I23+I24) -> 0
B27: INTERESES DEVENGADOS A FAVOR NACIONALES | C27: 0 | D27: 0 | E27: =SUM(C27:D27) -> 0 | G27: 0 | H27: 0 | I27: =SUM(G27:H27) -> 0
B28: INTERESES DEVENGADOS A FAVOR DEL EXTRANJERO | C28: 0 | D28: 0 | E28: =SUM(C28:D28) -> 0 | G28: 0 | H28: 0 | I28: =SUM(G28:H28) -> 0
B29: INTERESES MORATORIOS A FAVOR NACIONALES | C29: 0 | D29: 0 | E29: =SUM(C29:D29) -> 0 | G29: 0 | H29: 0 | I29: =SUM(G29:H29) -> 0
B30: INTERESES MORATORIOS A FAVOR DEL EXTRANJERO | C30: 0 | D30: 0 | E30: =SUM(C30:D30) -> 0 | G30: 0 | H30: 0 | I30: =SUM(G30:H30) -> 0
B31: GANANCIA CAMBIARIA | C31: 0 | D31: 0 | E31: =SUM(C31:D31) -> 0 | G31: 0 | H31: 0 | I31: =SUM(G31:H31) -> 0
B32: INTERESES DEVENGADOS A CARGO NACIONALES | C32: 0 | D32: 0 | E32: =SUM(C32:D32) -> 0 | G32: 0 | H32: 0 | I32: =SUM(G32:H32) -> 0
B33: INTERESES DEVENGADOS A CARGO DEL EXTRANJERO | C33: 0 | D33: 0 | E33: =SUM(C33:D33) -> 0 | G33: 0 | H33: 0 | I33: =SUM(G33:H33) -> 0
B34: INTERESES MORATORIOS A CARGO NACIONALES | C34: 0 | D34: 0 | E34: =SUM(C34:D34) -> 0 | G34: 0 | H34: 0 | I34: =SUM(G34:H34) -> 0
B35: INTERESES MORATORIOS A CARGO DEL EXTRANJERO | C35: 0 | D35: 0 | E35: =SUM(C35:D35) -> 0 | G35: 0 | H35: 0 | I35: =SUM(G35:H35) -> 0
B36: PERDIDA CAMBIARIA | C36: 0 | D36: 0 | E36: =SUM(C36:D36) -> 0 | G36: 0 | H36: 0 | I36: =SUM(G36:H36) -> 0
B37: RESULTADO POR POSICION MONETARIA FAVORABLE | C37: 0 | D37: 0 | E37: =SUM(C37:D37) -> 0 | G37: 0 | H37: 0 | I37: =SUM(G37:H37) -> 0
B38: RESULTADO POR POSICION MONETARIA DESFAVORABLE | C38: 0 | D38: 0 | E38: =SUM(C38:D38) -> 0 | G38: 0 | H38: 0 | I38: =SUM(G38:H38) -> 0
... B40: OTRAS OPERACIONES FINANCIERAS EXTRANJERAS | C40: 0 | D40: 0 | E40: =SUM(C40:D40) -> 0 | G40: 0 | H40: 0 | I40: =SUM(G40:H40) -> 0
B41: OTRAS OPERACIONES FINANCIERAS | E41: =E39+E40 -> 0 | I41: =I39+I40 -> 0
B42: RESULTADO INTEGRAL DE FINANCIAMIENTO | E42: =E27+E28+E29+E30+E31-E32-E33-E34-E35-E36+E37-E38+E41 -> 0 | I42: =I27+I28+I29+I30+I31-I32-I33-I34-I35-I36+I37-I38+I41 -> 0
B43: OTROS GASTOS NACIONALES | E43: 0 | I43: 0
B44: OTROS GASTOS EXTRANJEROS | E44: 0 | I44: 0
B45: OTROS GASTOS | E45: 0 | I45: 0
B46: OTROS PRODUCTOS NACIONALES | E46: 0 | I46: 0
B47: OTROS PRODUCTOS EXTRANJEROS | E47: 0 | I47: 0
B48: OTROS PRODUCTOS | E48: 0 | I48: 0
B49: INGRESOS POR PARTIDAS DISCONTINUAS Y EXTRAORDINARIAS | E49: 0 | I49: 0
B50: GASTOS POR PARTIDAS DISCONTINUAS Y EXTRAORDINARIAS | E50: 0 | I50: 0
B51: RESULTADO OTROS PRODUCTOS, GASTOS Y PARTIDAS DISCONTINUAS | E51: =-E43-E44-E45+E46+E47+E48+E49-E50 -> 0 | I51: =-I43-I44-I45+I46+I47+I48+I49-I50 -> 0
B52: UTILIDAD ANTES DE IMPUESTOS | E52: =IF(E25-E26+E42+E51>0,E25-E26+E42+E51,0) -> 0 | I52: =IF(I25-I26+I42+I51>0,I25-I26+I42+I51,0) -> 0
B53: PERDIDA ANTES DE IMPUESTOS | E53: =IF(E25-E26+E42+E51<0,-E25+E26-E42-E51,0) -> 0 | I53: =IF(I25-I26+I42+I51<0,-I25+I26-I42-I51,0) -> 0
B54: ISR | E54: 0 | I54: 0
B55: IETU | E55: 0 | I55: 0
B56: IMPAC | E56: 0 | I56: 0
B57: PTU | E57: 0 | I57: 0
B58: UTILIDAD EN PARTICIPACION SUBSIDIARIA | E58: 0 | I58: 0
B59: PERDIDA EN PARTICIPACION SUBSIDIARIA | E59: 0 | I59: 0
B60: EFECTOS DE REEXPRESIÓN FAVORABLES EXCEPTO RESULTADO POR POSICION MONETARIA | E60: 0 | I60: 0
B61: EFECTOS DE REEXPRESIÓN DESFAVORABLES EXCEPTO RESULTADO POR POSICION MONETARIA | E61: 0 | I61: 0
B62: UTILIDAD NETA | E62: =IF(E52-E53-E54-E55-E56-E57+E58-E59+E60-E61>0,E52-E53-E54-E55-E56-E57+E58-E59+E60-E61,0) -> 0 | I62: =IF(I52-I53-I54-I55-I56-I57+I58-I59+I60-I61>0,I52-I53-I54-I55-I56-I57+I58-I59+I60-I61,0) -> 0
B63: PERDIDA NETA | E63: =IF(E52-E53-E54-E55-E56-E57+E58-E59+E60-E61<0,-E52+E53+E54+E55+E56+E57-E58+E59-E60+E61,0) -> 0 | I63: =IF(I52-I53-I54-I55-I56-I57+I58-I59+I60-I61<0,-I52+I53+I54+I55+I56+I57-I58+I59-I60+I61,0) -> 0

Sheet CONCILIACION CONTABL FISCAL
B1: =IF('DATOS DE LA EMPRESA'!F6="","",'DATOS DE LA EMPRESA'!F6) -> SADCAL CONSULTORIA Y SOLUCIONES INTEGRALES, S.A. DE C.V.
B2: CONCILIACION ENTRE EL RESULTADO CONTABLE Y FISCAL
B3: ="EJERCICIO "&'DATOS DE LA EMPRESA'!F12 -> EJERCICIO 2024
B5: CONCEPTO | C5: ='DATOS DE LA EMPRESA'!F12 -> 2024 | E5: =C5-1 -> 2023
B7: UTILIDAD NETA | C7: =RESULTADOS!E62 -> 0 | E7: =RESULTADOS!I62 -> 0
B8: PERDIDA NETA | C8: =RESULTADOS!E63 -> 0 | E8: =RESULTADOS!I63 -> 0
B9: EFECTO DE LA INFLACION | C9: 0 | E9: 0
B10: RESULTADO POR POSICION MONETARIA FAVORABLE | C10: 0 | E10: 0
B11: RESULTAO POR POSICION MONETARIA DESFAVORABLE | C11: 0 | E11: 0
B12: UTILIDAD NETA HISTÓRICA | C12: =IF(C7-C8+C9+C10-C11>0,C7-C8+C9+C10-C11,0) -> 0 | E12: =IF(E7-E8+E9+E10-E11>0,E7-E8+E9+E10-E11,0) -> 0
B13: PERDIDA NETA HISTÓRICA | C13: =IF(C7-C8+C9+C10-C11<0,C7-C8+C9+C10-C11,0) -> 0 | E13: =IF(E7-E8+E9+E10-E11<0,E7-E8+E9+E10-E11,0) -> 0
B15: INGRESOS FISCALES NO CONTABLES
B16: AJUSTE ANUAL POR INFLACION ACUMULABLE | C16: 0 | E16: 0
B17: UTILIDAD CAMBIARIA FISCAL | C17: 0 | E17: 0
B18: UTILIDAD FISCAL EN ENAJENACION DE ACCIONES Y/O INTANGIBLES | C18: 0 | E18: 0
B19: UTILIDAD FISCAL POR REEMBOLSO DE CAPITAL | C19: 0 | E19: 0
B20: UTILIDAD FISCAL EN ENAJENACION DE ACTIVO FIJO | C20: 0 | E20: 0
B21: UTILIDAD FISCAL EN ENAJENACION DE TERRENOS | C21: 0 | E21: 0
B22: ANTICIPOS DE CLIENTES | C22: 0 | E22: 0
B23: INTERESES MORATORIOS EFECTIVAMENTE COBRADOS | C23: 0 | E23: 0
B24: INVENTARIO ACUMULABLE DEL EJERCICIO | C24: 0 | E24: 0
B25: UTILIDAD FISCAL EN LA ENAJENACION DE BIENES ADJUDICADOS | C25: 0 | E25: 0
B26: GANANCIA POR OPERACIONES DERIVADAS REFERIDAS AL TIPO DE CAMBIO | C26: 0 | E26: 0
B27: UTILIDAD FISCAL POR ENAJENACION O CESION DE CARTERA | C27: 0 | E27: 0
... B30: OTROS INGRESOS FISCALES NO CONTABLES | C30: 0 | E30: 0
B31: TOTAL | C31: =SUM(C16:C30) -> 0 | E31: =SUM(E16:E30) -> 0
B33: DEDUCCIONES CONTABLES NO FISCALES
B34: COSTO DE VENTAS CONTABLE | C34: 0 | E34: 0
B35: DEPRECIACION CONTABLE | C35: 0 | E35: 0
B36: AMORTIZACION CONTABLE | C36: 0 | E36: 0
B37: GASTOS NO DEDUCIBLES | C37: 0 | E37: 0
B38: IMPUESTO SOBRE LA RENTA | C38: 0 | E38: 0
B39: PARTICIPACION DE UTILIDADES | C39: 0 | E39: 0
B40: PERDIDA CONTABLE EN ENAJENACION DE ACCIONES Y/O INTANGIBLES | C40: 0 | E40: 0
B41: PERDIDA CONTABLE EN ENAJENACION DE ACTIVO FIJO | C41: 0 | E41: 0
B42: PERDIDA CONTABLE EN ENAJENACION DE TERRENOS | C42: 0 | E42: 0
B43: PERDIDA EN PARTICIPACION SUBSIDIARIA | C43: 0 | E43: 0
B44: INTERESES DEVENGADOS QUE EXCEDEN DEL VALOR DE MERCADO | C44: 0 | E44: 0
B45: PROVISIONES | C45: 0 | E45: 0
... B50: OTRAS DEDUCIONES CONTABLES NO FISCALES | C50: 0 | E50: 0
B51: TOTAL | C51: =SUM(C34:C50) -> 0 | E51: =SUM(E34:E50) -> 0
B53: DEDUCCIONES FISCALES NO CONTABLES
B54: DEPRECIACION FISCAL | C54: 0 | E54: 0
B55: AMORTIZACION FISCAL | C55: 0 | E55: 0
B56: ESTIMULO FISCAL POR DEDUCCION INMEDIATA DE INVERSIONES | C56: 0 | E56: 0
B57: PERDIDA FISCAL EN ENAJENACION DE ACCIONES Y/O INTANGIBLES | C57: 0 | E57: 0
B58: PERDIDA FISCAL EN ENAJENACION DE ACTIVO FIJO | C58: 0 | E58: 0
B59: PERDIDA FISCAL EN ENAJENACION DE TERRENOS | C59: 0 | E59: 0
B60: AJUSTE ANUAL POR INFLACION DEDUCIBLE | C60: 0 | E60: 0
B61: COSTO DE LO VENDIDO FISCAL | C61: 0 | E61: 0
B62: PERDIDA FISCAL EN ENAJENACION DE BIENES ADJUDICADOS | C62: 0 | E62: 0
B63: PERDIDA FISCAL POR ENAJENACION O CESION DE CARTERA | C63: 0 | E63: 0
B64: CASTIGOS | C64: 0 | E64: 0
B65: CONDONACIONES, BONIFICACIONES Y DESCUENTOS SOBRE LA CARTERA | C65: 0 | E65: 0
... B68: OTRAS DEDUCCIONES FISCALES NO CONTABLES | C68: 0 | E68: 0
B69: TOTAL | C69: =SUM(C54:C68) -> 0 | E69: =SUM(E54:E68) -> 0
B71: INGRESOS CONTABLES NO FISCALES
B72: UTILIDAD CAMBIARIA | C72: 0 | E72: 0
B73: UTILIDAD CONTABLE EN ENAJENACION DE ACCIONES | C73: 0 | E73: 0
B74: UTILIDAD CONTABLE EN ENAJENACION DE BIENES INTANGIBLES | C74: 0 | E74: 0
B75: UTILIDAD CONTABLE EN ENAJENACION DE ACTIVO FIJO | C75: 0 | E75: 0
B76: UTILIDAD CONTABLE EN ENAJENACION DE TERRENOS | C76: 0 | E76: 0
B77: ANTICIPO DE CLIENTES DE EJERCICIOS ANTERIORES | C77: 0 | E77: 0
B78: INTERESES MORATORIOS NO COBRADOS | C78: 0 | E78: 0
B79: SALDOS A FAVOR DE IMPUESTOS Y SU ACTUALIZACION | C79: 0 | E79: 0
B80: UTILIDAD CONTABLE EN ENAJENACION DE BIENES ADJUDICADOS | C80: 0 | E80: 0
B81: UTILIDAD EN PARTICIPACION SUBSIDIARIA | C81: 0 | E81: 0
B82: RESULTADO POR VALUACION A VALOR RAZONABLE | C82: 0 | E82: 0
B83: OTROS INGRESOS CONTABLES NO FISCALES | C83: 0 | E83: 0
B84: TOTAL | C84: =SUM(C72:C83) -> 0 | E84: =SUM(E72:E83) -> 0
B86: UTILIDAD FISCAL ANTES DE PERDIDA DE ENAJENACION DE ACCIONES | C86: =IF(C12-C13+C31+C51-C69-C84>0,C12-C13+C31+C51-C69-C84,0) -> 0 | E86: =IF(E12-E13+E31+E51-E69-E84>0,E12-E13+E31+E51-E69-E84,0) -> 0
B87: PERDIDA FISCAL ANTES DE PERDIDA DE ENAJENACION DE ACCIONES | C87: =IF(C12-C13+C31+C51-C69-C84<0,-(C12-C13+C31+C51-C69-C84),0) -> 0 | E87: =IF(E12-E13+E31+E51-E69-E84<0,-(E12-E13+E31+E51-E69-E84),0) -> 0
B89: PERDIDA EN ENAJENACION DE ACCIONES | C89: 0 | E89: 0
B90: UTILIDAD FISCAL ANTES DE PTU PAGADA EN EL EJERCICIO | C90: =IF(C86-C87-C89>0,C86-C87-C89,0) -> 0 | E90: =IF(E86-E87-E89>0,E86-E87-E89,0) -> 0
B91: PERDIDA FISCAL ANTES DE PTU PAGADA EN EL EJERCICIO | C91: =IF(C86-C87-C89<0,-(C86-C87-C89),0) -> 0 | E91: =IF(E86-E87-E89<0,-(E86-E87-E89),0) -> 0
B93: PTU PAGADA EN EL EJERCICIO | C93: 0 | E93: 0
B94: UTILIDAD FISCAL DEL EJERCICIO | C94: =IF(C90-C91-C93>0,C90-C91-C93,0) -> 0 | E94: =IF(E90-E91-E93>0,E90-E91-E93,0) -> 0
B95: PERDIDA FISCAL DEL EJERCICIO | C95: =IF(C90-C91-C93<0,-(C90-C91-C93),0) -> 0 | E95: =IF(E90-E91-E93<0,-(E90-E91-E93),0) -> 0
B97: AMORTIZACION DE PERDIDAS DE EJERCICIOS ANTERIORES | C97: 0 | E97: 0
B98: RESULTADO FISCAL | C98: =IF(C94-C95-C97>0,C94-C95-C97,0) -> 0 | E98: =IF(E94-E95-E97>0,E94-E95-E97,0) -> 0

Sheet HOJA_1

Sheet HOJA_2

Sheet HOJA_3

Sheet HOJA_4

Sheet HOJA_5

Sheet HOJA_6

Sheet HOJA_7

Sheet HOJA_8

Sheet HOJA_9

Sheet HOJA_10
